 Dungeon Crawl Stone Soup version 0.21.1-1-g345015fe64 (webtiles) character file.

368 Ivernyr the Changer (level 6, -6/38 HPs)
             Began as an Octopode Transmuter on May 10, 2018.
             Was a Follower of Cheibriados.
             Mangled by Neles's ghost (9 damage)
             ... on level 5 of the Dungeon.
             The game lasted 00:12:20 (4778 turns).

Ivernyr the Changer (Octopode Transmuter)           Turns: 4778, Time: 00:12:20

Health: -6/38      AC:  2    Str: 11    XL:     6   Next: 69%
Magic:  2/9        EV: 22    Int: 20    God:    Cheibriados [*.....]
Gold:   558        SH:  5    Dex: 19    Spells: 3/9 levels left

rFire    . . .     SeeInvis .     - Unarmed
rCold    . . .     Gourm    .   (shield currently unavailable)
rNeg     . . .     Faith    .   (helmet currently unavailable)
rPois    x         Spirit   .   e - +5 amulet of reflection
rElec    .         Reflect  +   (no ring)
rCorr    .         Harm     .   (no ring)
MR       .....                  (no ring)
Stlth    ++........             (no ring)
HPRegen  0.12/turn              (no ring)
MPRegen  0.11/turn              (no ring)
                                (no ring)
                                (no ring)

@: spider-form (expiring), very slow
A: tiny, almost no armour, stealthy swim, (amphibious), 8 rings, (constrict 8)
a: End Transformation, Bend Time, Renounce Religion


You were on level 5 of the Dungeon.
You worshipped Cheibriados.
Cheibriados was aware of your devotion.
You were hungry.
You were a venomous arachnid creature.
You visited 1 branch of the dungeon, and saw 5 of its levels.
You also visited: Ossuary.

You collected 558 gold pieces.

Inventory:

Missiles
 a - 47 arrows
Jewellery
 e - a +5 amulet of reflection (around neck)
Scrolls
 g - 2 scrolls of magic mapping {unknown}
 h - a scroll of amnesia {unknown}
 i - 5 scrolls of remove curse {unknown}
 l - a scroll of enchant armour {unknown}
 p - 2 scrolls of identify {unknown}
 q - a scroll of blinking {unknown}
 r - a scroll of immolation {unknown}
Potions
 d - 4 potions of curing {unknown}
 f - 2 potions of lignification {unknown}
 j - 5 potions of degeneration {unknown}
 k - a potion of ambrosia {unknown}
 m - 3 potions of invisibility {unknown}
 n - 2 potions of agility {unknown}
 o - 4 potions of haste {unknown}
 s - 2 potions of resistance {unknown}
 t - a potion of heal wounds {unknown}
 u - 2 potions of berserk rage {unknown}
 v - a potion of mutation {unknown}
 w - a potion of brilliance {unknown}
 x - a potion of flight {unknown}
Books
 b - a book of Changes

   Spells                             Type                      Level
   a - Beastly Appendage              Transmutation                1
   b - Sticks to Snakes               Transmutation                2
   c - Spider Form                    Transmutation/Poison         3
   d - Ice Form                       Ice/Transmutation            4
   e - Blade Hands                    Transmutation                5
Comestibles
 c - 5 rations


   Skills:
 - Level 1.0 Fighting
 + Level 3.6 Dodging
 + Level 4.3 Unarmed Combat
 - Level 2.0 Spellcasting
 * Level 4.9 Transmutations
 + Level 1.7 Invocations


You had 3 spell levels left.
You knew the following spells:

 Your Spells              Type           Power        Failure   Level  Hunger
a - Beastly Appendage     Tmut           ###...       8%          1    #......
b - Sticks to Snakes      Tmut           ###.....     11%         2    ##.....
c - Spider Form           Tmut/Pois      ##........   36%         3    ###....


Dungeon Overview and Level Annotations

Branches:
Dungeon (5/15)
 Temple: D:4-7

Altars:
Cheibriados
Elyvilon
Gozag
Okawaru
The Shining One

Shops:
D:4 **

Annotations:
D:5 Neles's ghost, novice DsGl


Innate Abilities, Weirdness & Mutations

You cannot wear most types of armour.
You are very stealthy in the water. (Stealth+)
((You are amphibious.))
You can wear up to eight rings at the same time.
((You can use your tentacles to constrict eight enemies at once.))
((Your skin changes colour to match your surroundings (Stealth+).))
((Your rubbery body absorbs attacks. (AC +1, EV +1)))


Message History

You turn into a venomous arachnid creature.
You are feeling hungry.
Your adder bites Neles's ghost but does no damage.
Your ball python bites Neles's ghost but does no damage.
Your adder bites Neles's ghost but does no damage. x2
Your water moccasin bites Neles's ghost.
Neles's ghost hits you.
* * * LOW HITPOINT WARNING * * *
Your water moccasin withers and dies!
Your ball python closely misses Neles's ghost.
Your adder closely misses Neles's ghost.
Your ball python bites Neles's ghost but does no damage.
Your adder bites Neles's ghost but does no damage.
Your ball python bites Neles's ghost but does no damage. x2
Your adder closely misses Neles's ghost.
Your transformation is almost over.
Your adder withers and dies!
Your ball python closely misses Neles's ghost.
Neles's ghost hits you!
You die...

##..............
#........####..
#........####..
##..............
#............#..
#.S.....†.##.#
#.#SS......#.#
#.#W######.# #
#.#s#...<#.#
#..........#
#..........#
#..........#
#..........+
#..........#
#.#########...
#. ... ....


You could see Neles's ghost, a friendly adder and 2 friendly ball pythons.

Vanquished Creatures
  A hound (D:4)
  A human skeleton (D:4)
  3 worker ants
  5 mummies (Ossuary)
  Robin (D:3)
  3 adders
  A shadow imp (D:5)
  An ooze (D:2)
  A worm (D:3)
  4 dart slugs
  4 leopard geckos
  3 orcs (D:3)
  5 bats
  8 giant cockroaches
  A gnoll zombie (Ossuary)
  21 goblins
  9 hobgoblins
  6 jackals
  A quokka (D:4)
  4 frilled lizards
  A hobgoblin zombie (Ossuary)
  6 kobolds
  A kobold zombie (Ossuary)
  A leopard gecko skeleton (D:4)
  5 orc skeletons (D:4)
  2 orc zombies (Ossuary)
  7 rats
106 creatures vanquished.

Vanquished Creatures (collateral kills)
  3 mummies (Ossuary)
  A gnoll zombie (Ossuary)
  2 kobold zombies (Ossuary)
6 creatures vanquished.

Vanquished Creatures (others)
  A goblin (D:3)
1 creature vanquished.

Grand Total: 113 creatures vanquished

Notes
Turn   | Place    | Note
-------+----------+-------------------------------------------
     0 | D:1      | Ivernyr the Octopode Transmuter began the quest for the Orb.
     0 | D:1      | Reached XP level 1. HP: 13/13 MP: 3/3
   424 | D:1      | Reached XP level 2. HP: 18/18 MP: 5/5
   428 | D:1      | Learned a level 2 spell: Sticks to Snakes
  1106 | D:2      | Reached XP level 3. HP: 23/23 MP: 6/6
  1111 | D:2      | Learned a level 3 spell: Spider Form
  1697 | D:3      | Reached XP level 4. HP: 20/28 MP: 4/7
  2472 | D:3      | Noticed Robin
  2488 | D:3      | Reached XP level 5. HP: 30/33 MP: 8/8
  2576 | D:3      | Killed Robin
  2670 | D:3      | Found an iron altar of Okawaru.
  2670 | D:3      | Found a white marble altar of Elyvilon.
  3060 | D:3      | Found a snail-covered altar of Cheibriados.
  3083 | D:3      | Became a worshipper of Cheibriados the Contemplative
  3251 | D:4      | Found an opulent altar of Gozag.
  3256 | D:4      | Found Gozag's Platinum Reserve.
  3496 | D:4      | Reached skill level 1 in Invocations
  3496 | D:4      | Reached XP level 6. HP: 38/38 MP: 9/9
  3536 | D:4      | Found a sand-covered staircase.
  3541 | Ossuary  | Entered an ossuary
  3571 | Ossuary  | Reached * piety under Cheibriados
  4299 | D:4      | Found Sifuak's General Store.
  4702 | D:5      | Entered Level 5 of the Dungeon
  4750 | D:5      | Noticed Neles's ghost (novice DsGl)
  4759 | D:5      | Found a glowing golden altar of the Shining One.
  4778 | D:5      | Mangled by Neles's ghost

Skill      XL: |  1  2  3  4  5 |
---------------+----------------+-----
Transmutations | 3 4 |  4.9
Dodging        | 3 |  3.6
Unarmed Combat | 4 |  4.3
Invocations    | 1 |  1.7
Fighting       | |  1.0
Spellcasting   | |  2.0

Action                   |  1- 3 |  4- 6 || total
-------------------------+-------+-------++-------
Melee: Unarmed           |    86 |   204 ||   290
       Constrict         |    22 |    33 ||    55
       Tentacles         |    13 |    25 ||    38
       Punch             |     2 |     4 ||     6
 Cast: Spider Form       |     1 |    12 ||    13
       Sticks to Snakes  |       |     6 ||     6
 Stab: Sleeping          |    12 |     4 ||    16
       Distracted        |       |     1 ||     1
  Eat: Chunk             |     2 |    10 ||    12
Armor: Skin              |     1 |    10 ||    11
Dodge: Dodged            |    42 |   138 ||   180
Block: Other             |    10 |    41 ||    51
       Reflection        |       |     9 ||     9
